 Dungeon Crawl Stone Soup version 0.26-a0-652-gafc20e3620 (webtiles) character file.

Game seed: 1782733920668836151

198 P0NYSLAYSTATION the Grave Robber (level 5, 0/42 HPs)
             Began as a Hill Orc Necromancer on Oct 1, 2020.
             Slain by an iguana (12 damage)
             ... on level 5 of the Dungeon.
             The game lasted 00:13:30 (2476 turns).

P0NYSLAYSTATION the Grave Robber (HONe)             Turns: 2476, Time: 00:13:32

Health: 0/42       AC:  3    Str: 12    XL:     5   Next: 76%
Magic:  1/9        EV: 11    Int: 15    God:
Gold:   61         SH:  0    Dex: 11    Spells: 5/10 levels left

rFire    . . .     SeeInvis .   e - +0 mace
rCold    . . .     Faith    .   (no shield)
rNeg     . . .     Spirit   .   n - +0 leather armour
rPois    .         Reflect  .   (no helmet)
rElec    .         Harm     .   (no cloak)
rCorr    .         Rampage  .   (no gloves)
MR       .....                  (no boots)
Stlth    +.........             (no amulet)
HPRegen  0.14/turn              (no ring)
MPRegen  0.11/turn              (no ring)

@: very slightly contaminated
A: no striking features
a: no special abilities


You were on level 5 of the Dungeon.
You visited 1 branch of the dungeon, and saw 5 of its levels.

You collected 61 gold pieces.

Inventory:

Hand Weapons
 e - a +0 mace (weapon)
 k - a +0 whip of electrocution
Missiles
 b - 24 stones (quivered)
 g - 2 atropa-tipped darts
Armour
 a - a +0 robe
 n - a +0 leather armour (worn)
 q - a cursed +0 robe
Jewellery
 c - a cursed ring of attention {unknown}
 f - an uncursed ring of wizardry {unknown}
 h - an uncursed amulet of regeneration {unknown}
Scrolls
 d - a scroll of teleportation {unknown}
 i - a scroll of enchant weapon {unknown}
 j - a scroll of immolation {unknown}
Potions
 l - a potion of flight
 m - a potion of resistance {unknown}
 o - a potion of magic {unknown}
 p - a potion of mutation {unknown}


   Skills:
 * Level 2.3 Fighting
 + Level 0.8 Maces & Flails
 * Level 1.7 Armour
 + Level 1.8 Dodging
 + Level 1.7 Stealth
 + Level 3.0 Spellcasting
 + Level 4.6 Necromancy


You had 5 spell levels left.
You knew the following spells:

 Your Spells              Type           Power        Failure   Level
a - Pain                  Necr           ###.         3%          1
b - Animate Skeleton      Necr           ###...       3%          1
c - Vampiric Draining     Necr           ###.......   11%         3

Your spell library contained the following spells:

 Spells                   Type           Power        Failure   Level
 Animate Dead             Necr           ###.......   36%         4
 Agony                    Necr           ###.....     71%         5


Dungeon Overview and Level Annotations

Branches:
Dungeon (5/15)
 Temple: D:4-7

Altars:
Cheibriados
Nemelex Xobeh

Annotations:
D:3 3 runed translucent doors, PirateVox's ghost, amateur GnAE


Message History

The iguana is lightly wounded.
The iguana bites you!
* * * LOW HITPOINT WARNING * * *
Casting: Pain (safe; 3% risk of failure)
Confirm with . or Enter, or press ? or * to list all spells.
Aiming: Vampiric Draining (dangerous; 11% risk of failure)
Press: ? - help, Shift-Dir - straight line, f/p - iguana
Aim: an iguana (lightly wounded)
You miscast Vampiric Draining.
You are very lightly contaminated with residual magic.
Nothing appears to happen.
The iguana bites you but does no damage.
Casting: Vampiric Draining (dangerous; 11% risk of failure)
Confirm with . or Enter, or press ? or * to list all spells.
Aiming: Vampiric Draining (dangerous; 11% risk of failure)
Press: ? - help, Shift-Dir - straight line, f/p - iguana
Aim: an iguana (lightly wounded)
The iguana is heavily wounded.
You feel life coursing into your body. The iguana bites you!
You die...

### ###.######################
........##...............########
....###.##.############..........
###.###.##.######################
................@....... ...
##...##.##.#####l......# ###
##...##.##.# .........
##...##.##.# .#.......#
##....#.##.# #.#########
##..#.#.##.# # ##..#.#.##.#
##..#.#.##w# . #.#


You could see an iguana.

Vanquished Creatures
  A howler monkey (D:3)
  2 hounds (D:4)
  A jelly (D:5)
  A worker ant (D:2)
  2 adders
  A dart slug (D:4)
  A leopard gecko (D:1)
  An orc (D:3)
  A bat (D:3)
  2 giant cockroaches
  3 goblins
  A hobgoblin (D:3)
  A quokka (D:2)
  3 frilled lizards
  7 kobolds
  4 rats
32 creatures vanquished.

Notes
Turn   | Place    | Note
-------+----------+-------------------------------------------
     0 | D:1      | P0NYSLAYSTATION the Hill Orc Necromancer began the quest
                  | for the Orb.
     0 | D:1      | Reached XP level 1. HP: 14/14 MP: 3/3
    10 | D:1      | Learned a level 1 spell: Animate Skeleton
   611 | D:2      | Noticed a worker ant
   621 | D:2      | Killed a worker ant
   621 | D:2      | Reached skill level 1 in Fighting
   621 | D:2      | Reached XP level 2. HP: 7/23 MP: 0/5
   621 | D:2      | Reached XP level 3. HP: 8/28 MP: 0/6
  1083 | D:2      | Reached skill level 1 in Armour
  1323 | D:3      | Found a snail-covered altar of Cheibriados.
  1324 | D:3      | Found a sparkling altar of Nemelex Xobeh.
  1336 | D:3      | Found a runed translucent gate.
  1336 | D:3      | Found a runed translucent gate.
  1340 | D:3      | Found a runed translucent gate.
  1340 | D:3      | Noticed PirateVox's ghost (amateur GnAE)
  1372 | D:3      | Reached XP level 4. HP: 16/35 MP: 2/7
  2148 | D:4      | Learned a level 3 spell: Vampiric Draining
  2204 | D:5      | Entered Level 5 of the Dungeon
  2219 | D:4      | Reached XP level 5. HP: 39/41 MP: 4/8
  2435 | D:5      | Noticed an ogre
  2476 | D:5      | Slain by an iguana

Illustrated notes

Levels and vault maps discovered:
D:1:      eino_arrival_cavern_d, layout_loops_cross, kennysheep_pointless_box,
          minmay_hexomino_f4
D:2:      layout_basic, good_gods_temple_1, nicolae_ru_great_annihilating_truth
D:3:      wander_river, layout_loops_corners, gammafunk_temple_overflow_statue,
          ebering_ghost_rock_garden
D:4:      layout_loops_corners, kennysheep_mini_moat,
          minmay_temple_entry_statues, serial_shops, shop,
          uniq_crazy_yiuf_cottage
D:5:      layout_basic, overflow_temple_1_default, uniq_eustachio

Skill      XL: |  1  2  3  4  5 |
---------------+----------------+-----
Fighting       | 1 2 |  2.3
Spellcasting   | 2 3 |  3.0
Armour         | 1 |  1.7
Maces & Flails | |  0.8
Dodging        | |  1.8
Stealth        | |  1.7
Necromancy     | |  4.6

Action                   |  1- 3 |  4- 6 || total
-------------------------+-------+-------++-------
Melee: Unarmed           |    19 |       ||    19
       Mace              |    30 |    24 ||    54
Throw: Stone             |     6 |     4 ||    10
 Cast: Pain              |    30 |    28 ||    58
       Animate Skeleton  |     9 |     7 ||    16
       Vampiric Draining |       |     1 ||     1
  Use: Potion            |     1 |     1 ||     2
Armor: Robe              |    12 |     1 ||    13
       Leather armour    |       |     5 ||     5
Dodge: Dodged            |    51 |    20 ||    71

Table legend: (Time is in decaauts)
 A = Elapsed time spent in this place.
 B = Non-inter-level travel time spent in this place.
 C = Inter-level travel time spent in this place.
 D = Time resting spent in this place.
 E = Time spent auto-exploring this place.
 F = Levels seen in this place.
 G = Mean time per level.
                   A        B        C        D        E       F      G
               +--------+--------+--------+--------+--------+-----+--------+
         Total |   2507 |   2350 |    157 |    410 |   1424 |   5 |  501.4 |
       Dungeon |   2507 |   2350 |    157 |    410 |   1424 |   5 |  501.4 |
               +--------+--------+--------+--------+--------+-----+--------+

Top non-repeatable levels by time:
     D:3: 830 daAuts
     D:1: 722 daAuts
     D:2: 601 daAuts
     D:4: 226 daAuts
     D:5: 128 daAuts
